[Event "Titled Tuesday Blitz July 11 Early 2023"]
[White "Akylbek2021"]
[Black "Mogirzan, Matei-Valeriu"]
[BlackFideId "1257455"]
[WhiteElo "2507"]
[BlackElo "2601"]
[Result "1-0"]
[Round "6"]
[TimeControl "180+2"]
[Date "2023.07.11"]
[WhiteClock "0:00:43"]
[BlackClock "0:00:12"]
[Board "71"]

1. e4 e5 2. Nf3 Nf6 3. Nc3 Bc5 4. g3 Nc6 5. Bg2 d6 6. O-O Bg4 7. h3 Bxf3 8. Qxf3 Nd4 9. Qd1 a6 10. a3 h5 11. b4 Ba7 12. d3 Qd7 13. Be3 c5 14. Nb1 cxb4 15. axb4 Nb5 16. Nd2 h4 17. g4 Bd4 18. Bxd4 Nxd4 19. f4 Qc7 20. Nc4 b5 21. Ne3 Qb6 22. fxe5 dxe5 23. Kh1 Nb3 24. Rxf6 Qxe3 25. Rf3 Qd4 26. cxb3 f6 27. Rc1 O-O 28. Qe1 Rac8 29. g5 fxg5 30. Rxc8 Rxc8 31. Qd2 Qa1+ 32. Rf1 Qd4 33. Qxg5 Qxd3 34. Qxe5 Rc2 35. Qe8+ Kh7 36. Qh5+ Kg8 37. Qd5+ Qxd5 38. exd5 Rd2 39. Ra1 Kf7 40. Rxa6 Ke7 41. Rb6 Kd7 42. Rb7+ Kd6 43. Rxg7 Ke5 44. Rg5+ Kd4 45. Rg4+ Kc3 46. Rxh4 Kb2 47. Rg4 Kb1 48. h4 Ka2 49. h5 Rd1+ 50. Kh2 Rd2 51. h6 Re2 52. h7 Rb2 53. h8=Q Rxb3 54. Qa8+ Kb2 55. Qc6 Ka2 56. Qxb5 Kb2 57. Qc4 Ka2 58. Rg3 Kb2 59. Rxb3+ Ka1 60. Qc1+ Ka2 61. Qc2+ Ka1 62. Qb1# 1-0


[Site "https://www.chess.com"]

[Event "Titled Tuesday Blitz July 11 Early 2023"]
[White "Brunner, Nicolas"]
[Black "Al-Tarboush, Ward"]
[WhiteFideId "620246"]
[BlackFideId "7601450"]
[WhiteElo "2507"]
[BlackElo "2596"]
[Result "0-1"]
[Round "6"]
[TimeControl "180+2"]
[Date "2023.07.11"]
[WhiteClock "0:01:04"]
[BlackClock "0:02:32"]
[Board "72"]

1. Nf3 d5 2. g3 Nf6 3. Bg2 c6 4. c4 dxc4 5. O-O Bf5 6. Na3 b5 7. b3 cxb3 8. Qxb3 e6 9. Ne5 Be4 10. Bxe4 Nxe4 11. Qf3 Ng5 12. Qg2 Qd5 13. d3 Qxe5 14. Bf4 Qd5 15. e4 Qd7 16. Nc2 h6 0-1


[Site "https://www.chess.com"]

[Event "Titled Tuesday Blitz July 11 Early 2023"]
[White "Piesik, Piotr"]
[Black "Tokhirjonova, Gulrukhbegim"]
[WhiteFideId "1136194"]
[BlackFideId "14203626"]
[WhiteElo "2595"]
[BlackElo "2504"]
[Result "1-0"]
[Round "6"]
[TimeControl "180+2"]
[Date "2023.07.11"]
[WhiteClock "0:02:36"]
[BlackClock "0:01:32"]
[Board "73"]

1. Nf3 d5 2. g3 Nf6 3. Bg2 g6 4. O-O Bg7 5. d3 O-O 6. Nbd2 c5 7. e4 Nc6 8. Re1 Re8 9. exd5 Nxd5 10. Nc4 e5 11. a4 b6 12. c3 Rb8 13. Nfd2 Bf5 14. Ne4 Bxe4 15. dxe4 Nc7 16. Qc2 Qe7 17. Be3 Rbd8 18. f3 Qe6 19. Bf1 Rd7 20. Rad1 Red8 21. Na3 f5 22. Bc4 Kf7 23. Bxe6+ Nxe6 24. exf5 1-0


[Site "https://www.chess.com"]

[Event "Titled Tuesday Blitz July 11 Early 2023"]
[White "Zavgorodniy, Sergiy"]
[Black "Keleberda, Tymur"]
[WhiteFideId "14110148"]
[BlackFideId "14174294"]
[WhiteElo "2591"]
[BlackElo "2502"]
[Result "0-1"]
[Round "6"]
[TimeControl "180+2"]
[Date "2023.07.11"]
[WhiteClock "0:00:00"]
[BlackClock "0:00:44"]
[Board "74"]

1. e4 c5 2. Nf3 d6 3. c3 Nf6 4. Bc4 g6 5. e5 dxe5 6. Nxe5 e6 7. d4 cxd4 8. cxd4 Bg7 9. O-O O-O 10. Nc3 Nc6 11. Nxc6 bxc6 12. Be3 Nd5 13. Bxd5 cxd5 14. Qd2 Qb6 15. Na4 Qb5 16. b3 a5 17. Rac1 h5 18. Bh6 Bxh6 19. Qxh6 Qb4 20. Rfd1 Bd7 21. Nc5 Ra7 22. Rd3 Rc8 23. Qg5 Bb5 24. Rdd1 a4 25. bxa4 Bxa4 26. Rb1 Qc4 27. Rdc1 Qxd4 28. Nxe6 Rxc1+ 29. Rxc1 fxe6 30. Qxg6+ Kf8 31. Qxe6 Rf7 32. Qh6+ Ke7 33. Rc7+ Kd8 34. Qd6+ Bd7 0-1


[Site "https://www.chess.com"]

[Event "Titled Tuesday Blitz July 11 Early 2023"]
[White "Bettalli, Francesco"]
[Black "Lana Rodriguez, David"]
[WhiteFideId "2816453"]
[BlackFideId "2270803"]
[WhiteElo "2496"]
[BlackElo "2590"]
[Result "0-1"]
[Round "6"]
[TimeControl "180+2"]
[Date "2023.07.11"]
[WhiteClock "0:01:21"]
[BlackClock "0:01:19"]
[Board "75"]

1. d4 Nf6 2. Nc3 e6 3. Bg5 Bb4 4. Qd3 d5 5. f3 Nc6 6. O-O-O h6 7. Bh4 Bd7 8. a3 Be7 9. e4 dxe4 10. fxe4 Nh5 11. Bxe7 Qxe7 12. Nf3 O-O-O 13. d5 exd5 14. exd5 Nb8 15. Qd4 a6 16. Qc4 Qd6 17. Ne4 Qf4+ 18. Kb1 Bb5 19. Qd4 Rhe8 20. Bd3 Bxd3 21. cxd3 f5 22. Nc5 Qxd4 23. Nxd4 Rxd5 24. Nce6 Kd7 25. Rc1 Rxe6 26. Nxe6 Kxe6 27. Rxc7 Rd7 28. Re1+ Kd6 29. Rc4 Nc6 30. Re8 Nf6 31. Re2 g6 32. Kc2 h5 33. Kd2 Ng4 34. d4 Ne7 35. h3 Nf6 36. Kd3 Ned5 37. Rec2 Re7 38. Rc8 Re3+ 39. Kd2 Ne4+ 40. Kd1 Rd3+ 41. Kc1 Rxd4 42. Rd8+ Ke5 43. Re8+ Kf4 44. Re6 Ne3 45. Kb1 Nxc2 46. Kxc2 Rd2+ 47. Kc1 Rxg2 0-1


[Site "https://www.chess.com"]

[Event "Titled Tuesday Blitz July 11 Early 2023"]
[White "Weishaeutel, Moritz"]
[Black "Jovic, Stanoje"]
[WhiteFideId "12967300"]
[BlackFideId "905020"]
[WhiteElo "2589"]
[BlackElo "2489"]
[Result "1-0"]
[Round "6"]
[TimeControl "180+2"]
[Date "2023.07.11"]
[WhiteClock "0:00:04"]
[BlackClock "0:00:00"]
[Board "76"]

1. e4 c6 2. Nf3 d5 3. Nc3 Nf6 4. e5 Ne4 5. Ne2 Qb6 6. d4 Bg4 7. h3 Bh5 8. Nf4 Bg6 9. e6 fxe6 10. Nxg6 hxg6 11. Bd3 Nd7 12. Qe2 Ndf6 13. c3 O-O-O 14. Ne5 Rh5 15. Nxg6 c5 16. Bxe4 dxe4 17. dxc5 Qxc5 18. Nf4 Re5 19. O-O g5 20. Ng6 Red5 21. Be3 Qa5 22. a4 a6 23. b4 Qc7 24. Nxf8 Rxf8 25. c4 Rd3 26. Bxg5 Qe5 27. Bxf6 exf6 28. Rad1 Rfd8 29. Rxd3 Rxd3 30. Re1 Rd4 31. c5 f5 32. c6 Qd6 33. cxb7+ Kxb7 34. b5 a5 35. Rc1 Rd3 36. Qh5 Qd7 37. Qe2 Rd2 38. Qe3 Qd6 39. g3 Rd3 40. Qe2 e3 41. Qf3+ Kb8 42. fxe3 Rd2 43. Qf4 1-0


[Site "https://www.chess.com"]

[Event "Titled Tuesday Blitz July 11 Early 2023"]
[White "ATM622"]
[Black "Ergazakis, Ioannis"]
[BlackFideId "4290976"]
[WhiteElo "2588"]
[BlackElo "2483"]
[Result "0-1"]
[Round "6"]
[TimeControl "180+2"]
[Date "2023.07.11"]
[WhiteClock "0:01:45"]
[BlackClock "0:00:21"]
[Board "77"]

1. d4 Nf6 2. c4 e6 3. g3 d5 4. Bg2 Bb4+ 5. Nd2 O-O 6. Qc2 b6 7. Nf3 Bb7 8. O-O a5 9. a3 Be7 10. Ne5 Nbd7 11. e4 Nxe5 12. dxe5 Nxe4 13. Nxe4 dxe4 14. Rd1 Qe8 15. Bxe4 Bxe4 16. Qxe4 Qa4 17. Be3 Qb3 18. Rd7 Qxb2 19. Rb1 Qxa3 20. Rxc7 Bc5 21. Bxc5 bxc5 22. Rbb7 Rad8 23. Qf4 Rd1+ 24. Kg2 Qd3 25. Rxf7 Qf1+ 26. Kf3 Qd3+ 27. Kg4 Qg6+ 28. Kh4 Qxf7 29. Rxf7 Rxf7 30. Qe4 Rd4 0-1


[Site "https://www.chess.com"]

[Event "Titled Tuesday Blitz July 11 Early 2023"]
[White "Zheenbekov, Nurgazy"]
[Black "Vlassov, Nikolai"]
[WhiteFideId "13800485"]
[BlackFideId "4103360"]
[WhiteElo "2456"]
[BlackElo "2588"]
[Result "0-1"]
[Round "6"]
[TimeControl "180+2"]
[Date "2023.07.11"]
[WhiteClock "0:00:44"]
[BlackClock "0:00:40"]
[Board "78"]

1. e4 Nc6 2. Nf3 d5 3. exd5 Qxd5 4. Nc3 Qa5 5. d4 Bg4 6. h3 Bxf3 7. Qxf3 O-O-O 8. Bd3 Nf6 9. O-O Nxd4 10. Qd1 e5 11. a3 Bd6 12. Bg5 h6 13. b4 Qb6 14. Bxf6 gxf6 15. Nd5 Qc6 16. Nxf6 Be7 17. Nh5 e4 18. b5 Qd5 19. Nf4 Qe5 20. Qg4+ f5 21. Ng6 fxg4 22. Nxe5 exd3 23. Nf7 dxc2 24. Nxh8 Rxh8 25. hxg4 Bg5 26. g3 Bd2 27. Kg2 Nb3 28. f4 Nxa1 0-1


[Site "https://www.chess.com"]

[Event "Titled Tuesday Blitz July 11 Early 2023"]
[White "Stork, Oliver"]
[Black "Altman, Joshua"]
[WhiteFideId "12955728"]
[BlackFideId "426210"]
[WhiteElo "2442"]
[BlackElo "2587"]
[Result "0-1"]
[Round "6"]
[TimeControl "180+2"]
[Date "2023.07.11"]
[WhiteClock "0:00:06"]
[BlackClock "0:00:20"]
[Board "79"]

1. e4 Nc6 2. d4 d5 3. e5 Bf5 4. Nf3 e6 5. Bd3 Nge7 6. O-O Qd7 7. a3 h6 8. Nc3 g5 9. Ne2 Bg7 10. b4 a6 11. Bb2 Bxd3 12. Qxd3 Ng6 13. Rad1 g4 14. Nd2 h5 15. Nb3 b6 16. f4 Nce7 17. Nd2 h4 18. c4 Nf5 19. cxd5 Qxd5 20. Ne4 O-O 21. Nf2 h3 22. gxh3 Ngh4 23. Nxg4 Kh8 24. Rf2 Rg8 25. Ng3 Rad8 26. Qe4 Qb3 27. Qd3 Qd5 28. Qe4 Qb3 29. Qd3 Qa4 30. Rc1 c5 31. bxc5 Nxd4 32. Rc4 Ndf3+ 33. Qxf3 Nxf3+ 34. Rxf3 Qxc4 0-1


[Site "https://www.chess.com"]

[Event "Titled Tuesday Blitz July 11 Early 2023"]
[White "KorolDimitriy75"]
[Black "Manukyan, Artyom"]
[BlackFideId "13305786"]
[WhiteElo "2438"]
[BlackElo "2586"]
[Result "1/2-1/2"]
[Round "6"]
[TimeControl "180+2"]
[Date "2023.07.11"]
[WhiteClock "0:00:03"]
[BlackClock "0:00:23"]
[Board "80"]

1. d4 d5 2. c4 e6 3. Nc3 Nf6 4. Bg5 c5 5. cxd5 cxd4 6. Qxd4 Be7 7. e4 Nc6 8. Bb5 O-O 9. Qd2 exd5 10. exd5 Nxd5 11. Bxe7 Qxe7+ 12. Nge2 Nxc3 13. Qxc3 a6 14. Bd3 Bg4 15. f3 Bh5 16. O-O Qe3+ 17. Rf2 Rac8 18. Ng3 Qg5 19. f4 Qh4 20. Nf5 Qf6 21. Qxf6 gxf6 22. h3 Rfd8 23. Be4 Bg6 24. Bxc6 Bxf5 25. Bxb7 Rb8 26. Bxa6 Rd6 27. Bf1 Rd4 28. b3 Be4 29. Rc1 f5 30. Kh2 Ra8 31. Bc4 Kg7 32. a4 Kf6 33. Re1 h5 34. Rfe2 h4 35. Re3 Rg8 36. R1e2 Rd1 37. Rc3 Ra1 38. Rce3 Rd1 39. Rc3 Ra1 40. Rce3 Rd1 1/2-1/2


[Site "https://www.chess.com"]

[Event "Titled Tuesday Blitz July 11 Early 2023"]
[White "Gontcharov, Vladislav"]
[Black "Rakitic2010"]
[WhiteFideId "4123492"]
[WhiteElo "2586"]
[BlackElo "2422"]
[Result "0-1"]
[Round "6"]
[TimeControl "180+2"]
[Date "2023.07.11"]
[WhiteClock "0:00:07"]
[BlackClock "0:00:05"]
[Board "81"]

1. d4 Nf6 2. c4 e6 3. Nc3 Bb4 4. e3 O-O 5. Ne2 c5 6. a3 cxd4 7. axb4 dxc3 8. bxc3 b6 9. Ng3 Bb7 10. f3 d5 11. cxd5 Nxd5 12. Bd2 Qf6 13. Rc1 Nc6 14. Kf2 Rfd8 15. Qe1 Ne5 16. c4 Ne7 17. Bc3 Nf5 18. Kg1 Nxg3 19. Qxg3 Nxf3+ 20. gxf3 Qh6 21. Kf2 Rac8 22. Rg1 f6 23. Be2 a5 24. bxa5 bxa5 25. Bxa5 Rd7 26. Rgd1 Rf7 27. c5 f5 28. c6 f4 29. exf4 Bxc6 30. Rd6 Bb7 31. h4 Rff8 32. Qg5 Qxg5 33. fxg5 Rxc1 34. Rxe6 Rc2 35. Re3 Ba6 36. Bb4 Rb8 37. Bd6 Rbb2 38. Re8+ Kf7 39. Re7+ Kg6 40. Re6+ Kh5 41. Kg3 Rxe2 42. Be5 Rg2+ 43. Kf4 Rb4+ 44. Ke3 Re2# 0-1


[Site "https://www.chess.com"]

[Event "Titled Tuesday Blitz July 11 Early 2023"]
[White "Romero Ruscalleda, Josep"]
[Black "Streltsov, Alexey"]
[WhiteFideId "2231859"]
[BlackFideId "24104434"]
[WhiteElo "2411"]
[BlackElo "2583"]
[Result "1-0"]
[Round "6"]
[TimeControl "180+2"]
[Date "2023.07.11"]
[WhiteClock "0:00:18"]
[BlackClock "0:00:12"]
[Board "82"]

1. e4 c6 2. Nc3 d5 3. Nf3 dxe4 4. Nxe4 Nf6 5. Qe2 Nxe4 6. Qxe4 Qd5 7. Qf4 Qf5 8. d3 f6 9. Be2 Qxf4 10. Bxf4 e5 11. Be3 c5 12. h3 Nc6 13. O-O-O Be6 14. a3 Be7 15. Rhe1 Kf7 16. Bf1 Rhd8 17. g4 Rac8 18. Nh4 Nd4 19. Bg2 g5 20. Bxd4 cxd4 21. Nf5 Rc7 22. Be4 Rdc8 23. Rd2 Bb3 24. Ree2 Bf8 25. Kb1 Be6 26. Rd1 b5 27. h4 h6 28. hxg5 hxg5 29. Rh1 Kg8 30. f3 Rb8 31. Reh2 Bxf5 32. Bd5+ Kg7 33. gxf5 Bd6 34. Rh7+ Kf8 35. Rh8+ Ke7 36. R1h7# 1-0


[Site "https://www.chess.com"]

[Event "Titled Tuesday Blitz July 11 Early 2023"]
[White "Goswami, Vedant"]
[Black "Andreev, Konstantin"]
[WhiteFideId "5003725"]
[BlackFideId "24239305"]
[WhiteElo "2394"]
[BlackElo "2582"]
[Result "0-1"]
[Round "6"]
[TimeControl "180+2"]
[Date "2023.07.11"]
[WhiteClock "0:00:57"]
[BlackClock "0:01:32"]
[Board "83"]

1. d4 Nf6 2. Nf3 d5 3. Bf4 c5 4. c3 Qb6 5. Qb3 c4 6. Qc2 g6 7. Nbd2 Bf5 8. Qc1 Bg7 9. e3 O-O 10. Ne5 Nbd7 11. Be2 Nxe5 12. Bxe5 Qc6 13. b4 b5 14. O-O a5 15. a3 axb4 16. axb4 Rxa1 17. Qxa1 Ra8 18. Qb2 Qa6 19. Bf3 Bd3 20. Re1 Ne4 21. Bxg7 Kxg7 22. Bxe4 dxe4 23. f3 f5 24. Nf1 Qa2 25. Qxa2 Rxa2 26. Rc1 exf3 27. gxf3 Bxf1 28. Kxf1 Rxh2 29. Ra1 Rh1+ 0-1


[Site "https://www.chess.com"]

[Event "Titled Tuesday Blitz July 11 Early 2023"]
[White "chess123456s"]
[Black "Jegorovas, Aleksandras"]
[BlackFideId "12801950"]
[WhiteElo "2582"]
[BlackElo "2379"]
[Result "0-1"]
[Round "6"]
[TimeControl "180+2"]
[Date "2023.07.11"]
[WhiteClock "0:00:06"]
[BlackClock "0:01:57"]
[Board "84"]

1. d4 Nf6 2. Nc3 e6 3. e4 d5 4. e5 Nfd7 5. f4 c5 6. Nf3 Nc6 7. Be3 Rb8 8. Qd2 Qa5 9. Be2 b5 10. O-O b4 11. Nd1 cxd4 12. Nxd4 Nxd4 13. Bxd4 Bc5 14. Ne3 Qb6 15. Bxc5 Nxc5 16. Qd4 O-O 17. Kh1 Ne4 18. Qd3 Ba6 19. Qxa6 Qxe3 20. Rf3 Qc5 21. Qd3 Nf2+ 22. Rxf2 Qxf2 23. Rf1 Qc5 24. Qh3 h6 25. Bd3 Qd4 26. Re1 Qxb2 27. f5 exf5 28. Qxf5 g6 29. Qf4 Rbe8 30. h4 Qc3 31. Re2 h5 32. Qg5 Re6 33. g4 Rfe8 34. gxh5 Rxe5 35. Rxe5 Qxe5 36. Qxe5 Rxe5 37. hxg6 fxg6 38. Bxg6 Re3 39. Bf5 Kf7 40. Bd3 a5 41. Kg2 a4 42. Kf2 Rxd3 43. cxd3 b3 44. a3 b2 0-1


[Site "https://www.chess.com"]

[Event "Titled Tuesday Blitz July 11 Early 2023"]
[White "Rodriguez Santiago, Jaime"]
[Black "Tologon tegin, Semetei"]
[WhiteFideId "3100898"]
[BlackFideId "13800574"]
[WhiteElo "2371"]
[BlackElo "2581"]
[Result "0-1"]
[Round "6"]
[TimeControl "180+2"]
[Date "2023.07.11"]
[WhiteClock "0:00:21"]
[BlackClock "0:01:07"]
[Board "85"]

1. c4 g6 2. Nc3 Bg7 3. g3 c5 4. Bg2 e5 5. e4 Ne7 6. Nge2 Nbc6 7. d3 d6 8. Be3 h6 9. O-O O-O 10. Rb1 Be6 11. a3 a5 12. Nd5 Nd4 13. Nxd4 cxd4 14. Bd2 Nxd5 15. cxd5 Bd7 16. b4 a4 17. b5 Qb6 18. Rb4 Rfc8 19. Qb1 Rc5 20. Qb2 Rxb5 21. Rxb5 Qxb5 22. Qxb5 Bxb5 23. Rd1 Bxd3 24. Bb4 Bc2 25. Rd2 Bb3 26. Bxd6 f6 27. f4 Rc8 28. Bh3 Rc1+ 29. Kf2 Kf7 30. Be6+ Ke8 31. Bb4 Bf8 32. fxe5 fxe5 33. Bxf8 Kxf8 34. Kg2 Ke7 35. Rf2 Rc2 36. Rxc2 Bxc2 37. Kf3 b5 38. Bc8 b4 0-1


[Site "https://www.chess.com"]

[Event "Titled Tuesday Blitz July 11 Early 2023"]
[White "Dubreuil, Julien"]
[Black "ArtemDyachuk"]
[WhiteFideId "621285"]
[WhiteElo "2369"]
[BlackElo "2579"]
[Result "0-1"]
[Round "6"]
[TimeControl "180+2"]
[Date "2023.07.11"]
[WhiteClock "0:00:17"]
[BlackClock "0:00:03"]
[Board "86"]

1. e4 c6 2. Nf3 d5 3. exd5 cxd5 4. Ne5 Nc6 5. d4 Nf6 6. Bb5 Bd7 7. Nxd7 Qxd7 8. c3 e6 9. O-O Bd6 10. Re1 O-O 11. Nd2 Qc7 12. Nf3 Ne4 13. g3 f5 14. Bd3 Qf7 15. Ng5 Qg6 16. Nxe4 fxe4 17. Bf1 Ne7 18. c4 Nf5 19. cxd5 Nxg3 20. fxg3 Bxg3 21. Bg2 Bxe1 22. Qxe1 exd5 23. Be3 Rac8 24. Rc1 Qf5 25. h3 Qg6 26. Kh1 Rxc1 27. Qxc1 Qg3 28. Bg1 h5 29. Qc5 Qg5 30. Bxe4 Rd8 31. Bg2 Qf5 32. Qc7 Rd7 33. Qb8+ Kh7 34. Qxa7 Re7 35. Qc5 Rd7 36. a4 Qd3 37. Qc8 Re7 38. Qd8 Re1 39. Kh2 Re2 40. Qxd5 Qg6 41. Qf3 Rxb2 42. Qe4 Qxe4 43. Bf2 Rxf2 44. Kg3 Rxg2# 0-1


[Site "https://www.chess.com"]

[Event "Titled Tuesday Blitz July 11 Early 2023"]
[White "Prestia, Paris"]
[Black "Andreassen, Lars"]
[WhiteFideId "30925959"]
[BlackFideId "1504878"]
[WhiteElo "2578"]
[BlackElo "2339"]
[Result "1-0"]
[Round "6"]
[TimeControl "180+2"]
[Date "2023.07.11"]
[WhiteClock "0:01:51"]
[BlackClock "0:00:37"]
[Board "87"]

1. d4 d5 2. c4 e6 3. Nc3 c5 4. cxd5 cxd4 5. Qxd4 Nc6 6. Qa4 exd5 7. e3 Nf6 8. Nf3 Be7 9. Be2 O-O 10. O-O Be6 11. Rd1 Qd7 12. a3 a6 13. b4 b5 14. Qc2 Rac8 15. Bb2 Rfd8 16. Rac1 h6 17. Qb1 Qa7 18. Nd4 Ne5 19. Nxe6 fxe6 20. Nxb5 axb5 21. Bxe5 Qxa3 22. Bxb5 Rxc1 23. Rxc1 Qxb4 24. Qxb4 Bxb4 25. Rc7 Bd6 26. Bxd6 Rxd6 27. Bd3 e5 28. Bg6 Rd8 29. Re7 d4 30. exd4 exd4 31. Re2 Nd5 32. g3 Kf8 33. Kg2 Ne7 34. Bd3 Kf7 35. Bc4+ Kf8 36. Kf3 Nc6 37. Re6 Ne7 38. Ke4 g6 39. h4 Rd7 40. Rf6+ Ke8 41. Bb5 1-0


[Site "https://www.chess.com"]

[Event "Titled Tuesday Blitz July 11 Early 2023"]
[White "Lopez Idarraga, Daniel Eduardo"]
[Black "Dinosaurio_1975"]
[WhiteFideId "4405501"]
[WhiteElo "2338"]
[BlackElo "2573"]
[Result "1-0"]
[Round "6"]
[TimeControl "180+2"]
[Date "2023.07.11"]
[WhiteClock "0:00:17"]
[BlackClock "0:00:10"]
[Board "88"]

1. e4 e6 2. d4 d5 3. Nc3 Bb4 4. e5 c5 5. a3 Bxc3+ 6. bxc3 Qc7 7. Nf3 Ne7 8. a4 O-O 9. Bd3 h6 10. O-O b6 11. Nh4 Ba6 12. Qg4 Bxd3 13. cxd3 cxd4 14. Bxh6 Qxe5 15. cxd4 f5 16. dxe5 fxg4 17. Bg5 Nec6 18. Rfe1 Nd7 19. f4 gxf3 20. Nxf3 Rf5 21. d4 Nxd4 22. Nxd4 Rxg5 23. Nxe6 Rxe5 24. Rxe5 Nxe5 25. Rd1 Re8 26. Nc7 Rc8 27. Rxd5 Ng4 28. Rg5 Rxc7 29. Rxg4 Kf7 30. h4 Rc2 31. Kh2 Kf6 32. Kh3 Rc3+ 33. g3 Rb3 34. h5 a6 35. Kh4 b5 36. Rg6+ Kf5 37. axb5 axb5 38. Rxg7 Kf6 39. Rg6+ Kf7 40. Rb6 b4 41. h6 Rb1 42. g4 Kg8 43. Kg5 Kh7 44. Rb7+ Kg8 45. Kg6 Kf8 46. h7 Rh1 47. Rb8+ Ke7 48. h8=Q Rxh8 49. Rxh8 Kd6 50. Rb8 Kc5 51. Kf5 Kc4 52. g5 b3 53. g6 Kc3 54. g7 b2 55. g8=Q Kc2 56. Qg2+ Kd3 57. Qxb2 Ke3 58. Rb3# 1-0


[Site "https://www.chess.com"]

[Event "Titled Tuesday Blitz July 11 Early 2023"]
[White "Karttunen, Mika"]
[Black "Wang2007"]
[WhiteFideId "502081"]
[WhiteElo "2573"]
[BlackElo "2317"]
[Result "1/2-1/2"]
[Round "6"]
[TimeControl "180+2"]
[Date "2023.07.11"]
[WhiteClock "0:00:07"]
[BlackClock "0:00:04"]
[Board "89"]

1. e4 c5 2. Nf3 d6 3. d4 cxd4 4. Nxd4 Nf6 5. Nc3 g6 6. Be3 Bg7 7. f3 O-O 8. Qd2 Nc6 9. O-O-O d5 10. exd5 Nxd5 11. Nxc6 bxc6 12. Bd4 Bxd4 13. Qxd4 Qb6 14. Na4 Qc7 15. Bc4 Rd8 16. Rhe1 Bf5 17. Qe5 Qa5 18. Bb3 Qb4 19. g4 Be6 20. Rd4 Qd6 21. a3 Rac8 22. c4 Qxe5 23. Rxe5 Nb6 24. Rxd8+ Rxd8 25. Nxb6 axb6 26. Kc2 Rd4 27. Kc3 c5 28. Re2 h5 29. h3 hxg4 30. hxg4 Kg7 31. a4 Kf6 32. Ba2 Rf4 33. Re3 Bd7 34. b3 Rd4 35. Bb1 Bc6 36. Bd3 e5 37. Kd2 Ke6 38. Ke2 f5 39. gxf5+ gxf5 40. Kd2 e4 41. fxe4 fxe4 42. Kc3 Rxd3+ 43. Rxd3 exd3 44. Kxd3 Ke5 45. Kc3 Ke4 46. b4 cxb4+ 47. Kxb4 Kd4 48. a5 bxa5+ 49. Kxa5 Kxc4 1/2-1/2


[Site "https://www.chess.com"]

[Event "Titled Tuesday Blitz July 11 Early 2023"]
[White "Onslow, Alfie"]
[Black "Geivondian, Arman"]
[WhiteFideId "436976"]
[BlackFideId "24102032"]
[WhiteElo "2280"]
[BlackElo "2573"]
[Result "0-1"]
[Round "6"]
[TimeControl "180+2"]
[Date "2023.07.11"]
[WhiteClock "0:00:02"]
[BlackClock "0:02:05"]
[Board "90"]

1. Nf3 Nf6 2. c4 Nc6 3. d4 d6 4. d5 Ne5 5. Nc3 Nxf3+ 6. gxf3 e5 7. e4 Bd7 8. h4 Nh5 9. Ne2 Be7 10. Ng3 Nf4 11. h5 Bg5 12. Ne2 Qf6 13. Nxf4 Bxf4 14. Be2 Ke7 15. Bxf4 Qxf4 16. Qd2 Qxd2+ 17. Kxd2 g6 18. Rag1 Kf6 19. Ke3 Rhg8 20. f4 exf4+ 21. Kxf4 g5+ 22. Ke3 h6 23. f4 gxf4+ 24. Kxf4 Rg5 25. Rxg5 hxg5+ 26. Ke3 Ke5 27. h6 Rh8 28. Rh5 Kf6 29. Bd3 Kg6 30. Rh2 f5 31. exf5+ Bxf5 32. Bxf5+ Kxf5 33. Kf3 Kg6 34. Re2 Rf8+ 35. Kg3 Kxh6 36. Re7 c6 37. Rxb7 cxd5 38. cxd5 Rf5 39. Rxa7 Rxd5 40. b4 Kh5 41. a4 Rd3+ 42. Kg2 Rb3 43. b5 Kg4 44. Rf7 d5 45. Rd7 Rb2+ 46. Kf1 Kf3 47. Rf7+ Ke3 48. Rg7 d4 49. Rxg5 d3 50. Rg3+ Ke4 51. Rg4+ Kf3 52. Rd4 Rb1# 0-1


[Site "https://www.chess.com"]

[Event "Titled Tuesday Blitz July 11 Early 2023"]
[White "Pham, Le Thao Nguyen"]
[Black "Dimitrov, Atanas"]
[WhiteFideId "12401226"]
[BlackFideId "2901315"]
[WhiteElo "2526"]
[BlackElo "2689"]
[Result "1-0"]
[Round "6"]
[TimeControl "180+2"]
[Date "2023.07.11"]
[WhiteClock "0:00:09"]
[BlackClock "0:00:08"]
[Board "91"]

1. d4 Nf6 2. c4 g6 3. Nc3 d5 4. Bf4 Bg7 5. e3 O-O 6. c5 a5 7. h3 b6 8. cxb6 cxb6 9. Bb5 Ba6 10. Nge2 Bxb5 11. Nxb5 Na6 12. O-O Qd7 13. Nec3 Rfc8 14. Qe2 Ne4 15. Rfc1 Nb4 16. a3 Nc6 17. Nxe4 dxe4 18. Nc3 f5 19. Qb5 h6 20. Nd5 Qb7 21. Rxc6 Rxc6 22. Qxc6 Qxc6 23. Nxe7+ Kf7 24. Nxc6 Rc8 25. Rc1 Ke6 26. Rc2 g5 27. Bg3 h5 28. h4 gxh4 29. Bf4 Bf6 30. b4 axb4 31. axb4 b5 32. d5+ Kf7 33. Ra2 Rg8 34. Ra7+ Kg6 35. Kh2 Rc8 36. Ne7+ Bxe7 37. Rxe7 Kf6 38. d6 Rc2 39. Be5+ Kg6 40. d7 Rd2 41. Bc7 1-0


[Site "https://www.chess.com"]

[Event "Titled Tuesday Blitz July 11 Early 2023"]
[White "feuervogel1000000"]
[Black "Tregubov, Pavel V."]
[BlackFideId "4115341"]
[WhiteElo "2520"]
[BlackElo "2668"]
[Result "0-1"]
[Round "6"]
[TimeControl "180+2"]
[Date "2023.07.11"]
[WhiteClock "0:00:05"]
[BlackClock "0:00:07"]
[Board "92"]

1. e4 c5 2. Nf3 e6 3. d4 cxd4 4. Nxd4 Nf6 5. Nc3 Nc6 6. Nxc6 bxc6 7. e5 Nd5 8. Ne4 Bb7 9. c4 Nb4 10. a3 c5 11. Nc3 Nc6 12. Bf4 g5 13. Bg3 Bg7 14. Ne4 O-O 15. Nxc5 Qb6 16. b4 Nxe5 17. Be2 Bxg2 18. Rg1 Qc6 19. Bxe5 Bxe5 20. Rc1 d6 21. Nd7 Bxh2 22. Qd4 Bxg1 23. Nf6+ Kh8 24. Qd3 Kg7 25. Nh5+ Kh6 26. Nf6 Rh8 27. c5 Rad8 28. Qg3 Kg6 29. b5 Qa8 30. Qc3 Bh2 31. c6 Be5 32. Qc2+ Kxf6 33. a4 Qb8 34. Qd2 Qb6 35. Rc4 d5 36. Rg4 h6 37. Rxg2 Qd4 38. Qxd4 Bxd4 39. a5 Bc3+ 40. Kd1 Bxa5 41. Rg4 Rb8 42. Ra4 Bb6 43. f3 Rhc8 44. Kc2 Rc7 45. Kd3 h5 46. Bf1 h4 47. Bh3 Bc5 48. Ra5 Bb4 49. Ra4 Rxb5 50. Ke3 Rxc6 51. Ke2 Rc3 52. f4 Rxh3 0-1


[Site "https://www.chess.com"]

[Event "Titled Tuesday Blitz July 11 Early 2023"]
[White "Goltseva, Ekaterina"]
[Black "Nagare Kaivalya Sandip"]
[WhiteFideId "24173770"]
[BlackFideId "25957929"]
[WhiteElo "2519"]
[BlackElo "2666"]
[Result "1-0"]
[Round "6"]
[TimeControl "180+2"]
[Date "2023.07.11"]
[WhiteClock "0:00:05"]
[BlackClock "0:00:08"]
[Board "93"]

1. d4 g6 2. c4 Bg7 3. e4 d6 4. Nc3 Nf6 5. Nge2 O-O 6. Ng3 e5 7. d5 c5 8. Be2 h5 9. Bg5 Qa5 10. Qd2 Qb6 11. Bxf6 Bxf6 12. Bxh5 Qd8 13. Be2 Kg7 14. Nf1 a6 15. Ne3 b5 16. cxb5 axb5 17. Bxb5 Bg5 18. g3 Qf6 19. h4 Bh6 20. h5 Qf3 21. Rh2 Ba6 22. Be2 Bxe2 23. Qxe2 Qxe2+ 24. Kxe2 Bxe3 25. Kxe3 g5 26. g4 Nd7 27. Kd3 Rfb8 28. f3 Rb4 29. Rc2 c4+ 30. Ke3 Nc5 31. Ne2 Rab8 32. Rb1 Na4 33. Ng3 Nxb2 34. Nf5+ Kf6 35. Nxd6 c3 36. Ke2 Na4 37. Rxb4 Rxb4 38. Nf5 Rb2 39. Kd3 Rb1 40. h6 Rf1 41. Ke2 Rh1 42. d6 Ke6 43. Kd3 Kd7 44. Ke3 Rh3 45. Kd3 f6 46. Kc4 Rxf3 47. Kb4 Nb6 48. Rxc3 Rf4 49. Rc4 Nxc4 50. Kxc4 Rxe4+ 51. Kd5 Re1 52. Ng7 Rh1 53. Nh5 Rd1+ 54. Ke4 Rb1 55. h7 Rb8 56. Nxf6+ Ke6 57. Ng8 Rb4+ 58. Kf3 e4+ 59. Ke3 Rb3+ 60. axb3 1-0


[Site "https://www.chess.com"]